 Dungeon Crawl Stone Soup version 0.21.1-1-g345015fe64 (webtiles) character file.

728 sabser the Chopper (level 7, 0/91 HPs)
             Began as a Hill Orc Fighter on Apr 24, 2018.
             Slain by an orc warrior
             ... wielding a +0 trident
              (3 damage)
             ... on level 5 of the Dungeon.
             The game lasted 00:43:58 (4579 turns).

sabser the Chopper (Hill Orc Fighter)               Turns: 4579, Time: 00:43:58

Health: 0/91       AC: 23    Str: 31    XL:     7   Next: 72%
Magic:  7/7        EV:  2    Int:  8    God:
Gold:   241        SH: 11    Dex: 15    Spells: 6/6 levels left

rFire    . . .     SeeInvis .   a - +0 war axe
rCold    . . .     Gourm    .   c - +0 shield
rNeg     + + +     Faith    .   (armour currently unavailable)
rPois    +         Spirit   .   (helmet currently unavailable)
rElec    .         Reflect  .   (cloak currently unavailable)
rCorr    .         Harm     .   (gloves currently unavailable)
MR       .....     NoTele   +   (boots currently unavailable)
Stlth    ++........             y - amulet of rage
HPRegen  0.25/turn              j - +3 ring of slaying
MPRegen  0.10/turn              x - +5 ring of strength

@: mighty, agile, tree-form (expiring), hasted, very quick
A: no striking features
a: Evoke Berserk Rage


You were on level 5 of the Dungeon.
You were not hungry.
You were a tree.
You visited 1 branch of the dungeon, and saw 5 of its levels.

You collected 241 gold pieces.

Inventory:

Hand Weapons
 a - a +0 war axe (weapon)
Armour
 b - a +0 scale mail
 c - a +0 shield (worn)
 e - a +0 pair of gloves (melded)
 n - a +0 cloak (melded)
 q - a +0 plate armour (melded)
Jewellery
 j - a +3 ring of slaying (left branch)
 o - an uncursed ring of flight
 p - an uncursed amulet of magic regeneration
 x - a +5 ring of strength (right branch)
 y - an amulet of rage (around neck)
Scrolls
 g - a scroll of teleportation
 h - 2 scrolls of remove curse {unknown}
 i - 5 scrolls of amnesia (quivered) {unknown}
 l - a scroll of random uselessness
 m - 6 scrolls of identify
 v - a scroll of fear {unknown}
 A - a scroll of magic mapping
Potions
 d - 3 potions of might
 k - 5 potions of flight
Comestibles
 f - 11 rations


   Skills:
 + Level 5.6 Fighting
 + Level 7.9 Axes
 + Level 4.9 Armour
 + Level 0.5 Dodging
 + Level 0.2 Stealth
 + Level 4.6 Shields


You had 6 spell levels left.
You didn't know any spells.

Dungeon Overview and Level Annotations

Branches:
Dungeon (5/15)             Temple (0/1) D:5

Altars:
Ashenzari
Fedhas
Gozag
Makhleb
Nemelex Xobeh
Uskayaw


Message History

You feel a strange sense of stasis.
It was a scroll of teleportation.
The orc warrior hits you from afar with a trident!
* * * LOW HITPOINT WARNING * * *
The orc warrior hits you but does no damage.
The orc warrior hits you from afar with a trident.
* * * LOW HITPOINT WARNING * * *
You cannot move.
Press: ? - help, v - describe, . - travel The floor, spattered with blood.
You don't know any spells.
You are too injured to fight recklessly!
As you read the scroll labeled BOWYHA OFIMP, it crumbles to dust.
Your ears itch!
It was a scroll of random uselessness.
Okay, then.
As you read the scroll labeled ZIUXIB ASOWY, it crumbles to dust.
It is a scroll of identify.
A - a scroll of magic mapping Your transformation is almost over.
The orc warrior hits you from afar with a trident.
You die...

#.#### #.# #.#.# .....#
#.# ###...####.. .....#
#.####...........
..)..###......##..######.
...>..........###........
.....###.####............
.....# #.# ####....##.#.
#.#### #.# #.#.## . #.#
#.# #♣#.# #. #.#
#####)#.# #. #.#
#....o..# # .#
#.##...####...
#.#........ #..#.8.8.8..
#.##........ #. #........
#. #....!.#.


You could see an orc warrior.

Vanquished Creatures
  Prince Ribbit (D:5)
  A scorpion (D:5)
  2 crimson imps (D:5)
  2 bullfrog zombies (D:5)
  An orc priest (D:5)
  A hound (D:4)
  2 orc wizards
  4 worker ants
  2 adders
  A howler monkey skeleton (D:5)
  A shadow imp (D:5)
  4 worms
  2 dart slugs
  2 leopard geckos
  14 orcs
  4 giant cockroaches
  7 goblins
  6 hobgoblins
  4 jackals (D:1)
  4 quokkas
  A ball python (D:1)
  5 bats
  6 frilled lizards
  5 kobolds
  6 rats
88 creatures vanquished.

Notes
Turn   | Place    | Note
-------+----------+-------------------------------------------
     0 | D:1      | sabser the Hill Orc Fighter began the quest for the Orb.
     0 | D:1      | Reached XP level 1. HP: 19/19 MP: 1/1
   359 | D:1      | Reached skill level 3 in Axes
   359 | D:1      | Reached XP level 2. HP: 27/27 MP: 2/2
   874 | D:1      | Reached XP level 3. HP: 32/33 MP: 3/3
   935 | D:2      | Found a sparkling altar of Nemelex Xobeh.
  1004 | D:2      | Found a shattered altar of Ashenzari.
  1515 | D:2      | Reached skill level 4 in Axes
  1666 | D:2      | Found a burning altar of Makhleb.
  1898 | D:2      | Found a blossoming altar of Fedhas.
  2078 | D:3      | Reached XP level 4. HP: 27/40 MP: 4/4
  2622 | D:3      | Reached skill level 5 in Axes
  2622 | D:3      | Reached XP level 5. HP: 46/46 MP: 5/5
  3735 | D:4      | Reached skill level 6 in Axes
  3735 | D:4      | Reached XP level 6. HP: 52/52 MP: 6/6
  3956 | D:5      | Entered Level 5 of the Dungeon
  4088 | D:5      | Found a staircase to the Ecumenical Temple.
  4184 | D:5      | Found an opulent altar of Gozag.
  4194 | D:5      | Noticed Prince Ribbit
  4211 | D:5      | Killed Prince Ribbit
  4211 | D:5      | Reached skill level 7 in Axes
  4211 | D:5      | Reached XP level 7. HP: 48/60 MP: 7/7
  4284 | D:5      | Reached skill level 5 in Fighting
  4507 | D:5      | Found a hide-covered altar of Uskayaw.
  4577 | D:5      | HP: 3/91 [orc warrior/trident (4)]
  4579 | D:5      | Slain by an orc warrior

Skill      XL: |  1  2  3  4  5  6  7 |
---------------+----------------------+-----
Axes           | 3 4 5 6 7 |  7.9
Fighting       | 4 5 |  5.6
Armour         | 4 |  4.9
Shields        | 4 |  4.6
Dodging        | |  0.5
Stealth        | |  0.2

Action                   |  1- 3 |  4- 6 |  7- 9 || total
-------------------------+-------+-------+-------++-------
Melee: War axe           |    95 |   136 |    38 ||   269
  Use: Potion            |       |       |     7 ||     7
       Scroll            |       |       |     3 ||     3
  Eat: Chunk             |     3 |     7 |     2 ||    12
Armor: Scale mail        |    36 |       |       ||    36
       Plate armour      |    13 |    74 |    15 ||   102
       Skin              |       |       |    11 ||    11
Dodge: Dodged            |    23 |    17 |     4 ||    44
Block: Shield            |    39 |    52 |    32 ||   123
